Map: [ESL] Gresvan

Players

DnS

  • Race: Protoss Protoss
  • Spawn Location: 5:00

Clem - Winner!

  • Race: Terran Terran
  • League: Grandmaster
  • Spawn Location: 11:00

Event: HomeStory Cup XXIII

VOD

Have the link to the VOD?

Description

Time

  • Played on: July 1, 2023, 7:32 a.m.
  • Length: 7:55

All games in this series

Show
View Real Time Build Order
Export as new Build Order

DnS Protoss 

Build Orders: Phoenix Opening, Colossus Rush 

Get SALT Encoding   

  12  0:00  Probe  
  13  0:12  Probe  
  14  0:17  Pylon  
  14  0:24  Probe (Chrono Boost)  
  15  0:36  Probe (Chrono Boost), Gateway  
  16  0:44  Probe (Chrono Boost)  
  16  0:45  Assimilator  
  17  0:51  Probe  
  18  1:03  Probe  
  19  1:15  Probe  
  20  1:26  Cybernetics Core  
  20  1:33  Pylon  
  22  1:58  Nexus  
  22  2:00  Probe, Adept (Chrono Boost)  
  21  2:08  Assimilator  
  23  2:13  Probe  
  24  2:22  Stargate  
  24  2:29  Probe  
  25  2:30  Adept  
  27  2:41  Probe  
  27  2:43  Warp Gate  
  28  2:53  Probe  
  29  3:01  Adept  
  31  3:07  Shield Battery  
  31  3:10  Phoenix, Probe  
  33  3:20  Probe (Chrono Boost)  
  33  3:26  Probe (Chrono Boost)  
  34  3:31  Probe (Chrono Boost)  
  36  3:35  Probe (Chrono Boost)  
  36  3:37  Phoenix  
  36  3:39  Probe (Chrono Boost)  
  39  3:41  Probe (Chrono Boost)  
  39  3:46  Probe  
  41  3:48  Pylon  
  41  3:52  Probe  
  41  3:55  Robotics Facility  
  42  3:58  Probe  
  43  4:06  Probe  
  43  4:07  Assimilator  
  44  4:11  Probe  
  45  4:20  Gateway  
  45  4:22  Probe, Pylon  
  46  4:25  Probe  
  49  4:34  Probe, Assimilator  
  49  4:35  Adept  
  49  4:38  Probe  
  53  4:41  Pylon  
  53  4:43  Immortal (Chrono Boost)  
  51  4:46  Probe  
  51  4:50  Probe  
  57  4:57  Robotics Bay  
  57  4:58  Probe  
  57  4:59  Sentry  
  60  5:06  Phoenix  
  62  5:10  Shield Battery  
  58  5:15  Adept  
  57  5:22  Adept  
  57  5:25  Probe x2  
  49  5:37  Probe x2  
  49  5:40  Stalker  
  53  5:49  Probe x2  
  55  5:51  Colossus (Chrono Boost)  
  61  6:01  Probe x2  
  63  6:11  Pylon  
  63  6:13  Probe  
  63  6:14  Probe, Extended Thermal Lance  
  65  6:22  Adept  
  67  6:25  Probe  
  67  6:26  Probe  
  67  6:34  Colossus (Chrono Boost)  
  67  6:35  Zealot  
  67  6:38  Probe  
  68  6:46  Gateway  
  68  6:52  Phoenix, Gateway  
  69  6:57  Sentry  
  71  7:02  Pylon  
  71  7:12  Probe x2  
  72  7:17  Phoenix  
  72  7:20  Pylon  
  72  7:21  Pylon  
  74  7:24  Probe x2  
  74  7:25  Observer (Chrono Boost)  
  74  7:27  Sentry  
  74  7:29  Nexus  
  73  7:40  Zealot  
  76  7:49  Zealot  
Show
View Real Time Build Order
Export as new Build Order

Clem Terran - Winner!

Build Orders:  

Get SALT Encoding   

  12  0:00  SCV  
  13  0:12  SCV  
  14  0:17  Supply Depot  
  14  0:24  SCV  
  15  0:38  SCV  
  15  0:40  Barracks  
  16  0:43  Refinery  
  16  0:50  SCV  
  17  1:02  SCV  
  18  1:13  Engineering Bay  
  18  1:14  SCV  
  19  1:28  Barracks Reactor  
  19  1:29  Orbital Command, Supply Depot  
  20  1:54  SCV  
  20  1:56  Command Center  
  20  2:04  Reaper x2  
  20  2:06  SCV  
  23  2:13  Barracks  
  23  2:19  SCV  
  24  2:24  Barracks  
  24  2:31  SCV  
  24  2:36  Marine  
  26  2:43  SCV  
  27  2:45  Supply Depot  
  27  2:46  Refinery  
  27  2:50  Marine  
  28  2:54  Marine  
  28  2:55  SCV  
  30  3:00  Barracks Tech Lab  
  30  3:07  Orbital Command  
  30  3:09  SCV  
  30  3:11  Barracks Tech Lab  
  31  3:16  Marine x2  
  32  3:21  Stimpack  
  32  3:22  Marine  
  32  3:25  SCV  
  34  3:29  Combat Shield  
  34  3:32  Orbital Command  
  34  3:33  Marine  
  35  3:37  SCV  
  35  3:39  Marine  
  37  3:43  Marine x2  
  39  3:49  SCV  
  39  3:50  Marine  
  39  3:53  Factory  
  40  3:57  SCV  
  40  3:58  Marine  
  40  4:01  Marine  
  40  4:02  SCV  
  44  4:03  Marine  
  44  4:08  Supply Depot  
  45  4:10  SCV  
  45  4:14  SCV, Marine  
  48  4:18  Engineering Bay  
  48  4:22  SCV  
  49  4:26  Marine x2, SCV  
  49  4:27  Marine  
  49  4:30  Supply Depot  
  53  4:34  Marine, SCV  
  53  4:38  SCV  
  56  4:39  Starport  
  56  4:41  Factory Reactor  
  56  4:46  Terran Infantry Weapons Level 1  
  56  4:48  SCV, Concussive Shells  
  56  4:50  SCV  
  56  4:51  Marine  
  56  4:52  Marine  
  60  4:56  Marauder  
  60  4:57  Marauder  
  64  5:02  SCV  
  64  5:03  Supply Depot  
  64  5:04  SCV  
  61  5:14  Marine x2  
  61  5:17  Marauder  
  61  5:19  Supply Depot  
  67  5:21  Marauder  
  67  5:23  Medivac  
  67  5:27  Factory Reactor  
  65  5:32  Marine x2  
  65  5:34  Refinery  
  65  5:35  SCV x2, Refinery  
  65  5:38  Marauder  
  66  5:43  Marauder  
  66  5:49  Medivac  
  68  5:50  Marine x2  
  68  5:52  SCV x2  
  68  5:56  Command Center  
  72  6:02  Marauder, Supply Depot  
  74  6:05  Marauder  
  74  6:07  Widow Mine  
  74  6:10  Widow Mine  
  80  6:12  Supply Depot  
  80  6:13  SCV  
  80  6:15  SCV  
  82  6:19  Marine x2  
  82  6:20  Medivac  
  82  6:23  Medivac  
  82  6:25  Marauder  
  90  6:27  Marauder  
  90  6:30  SCV x2  
  86  6:40  Marine x2  
  86  6:41  Widow Mine x2  
  86  6:42  SCV  
  86  6:44  Supply Depot  
  93  6:48  Marauder  
  93  6:50  Marauder  
  93  6:52  Barracks  
  97  6:55  Barracks  
  97  6:58  SCV x2  
  99  7:04  Widow Mine  
  99  7:06  Widow Mine  
  99  7:07  Marine x2  
  99  7:08  Supply Depot  
  105  7:11  Orbital Command  
  105  7:14  SCV x2  
  107  7:16  Marauder  
  107  7:17  Marine  
  107  7:22  Viking  
  112  7:24  Marine  
  112  7:27  SCV  
  112  7:29  SCV  
  117  7:32  Marine  
  117  7:35  Marine  
  114  7:38  SCV  
  114  7:39  SCV  
  114  7:41  SCV  
  114  7:44  Barracks Reactor, Barracks Tech Lab  
Tags
 
Add a new tag
Caveats
  • Supply blocks, unpowered buildings, or Contaminate may cause inaccurate times.
  • Supply counts are checked every 10 seconds.